Map: Abyssal Reef LE

Players

Harstem - Winner!

  • Race: Protoss Protoss
  • Spawn Location: 5:00

TheDounat

  • Race: Protoss Protoss
  • Spawn Location: 11:00

Event: WCS Jonkoping 2017

VOD

Have the link to the VOD?

Description

Time

  • Played on: June 17, 2017, 7:42 a.m.
  • Length: 5:47

All games in this series

Show
View Real Time Build Order
Export as new Build Order

Harstem Protoss - Winner!

Build Orders:  

Get SALT Encoding   

  12  0:01  Probe (Chrono Boost)  
  13  0:11  Probe (Chrono Boost)  
  14  0:18  Pylon  
  14  0:22  Probe (Chrono Boost)  
  15  0:36  Probe (Chrono Boost)  
  15  0:38  Gateway  
  16  0:47  Probe (Chrono Boost)  
  16  0:48  Assimilator  
  17  0:52  Assimilator  
  17  0:57  Probe (Chrono Boost)  
  18  1:08  Probe (Chrono Boost)  
  18  1:10  Gateway  
  20  1:18  Probe (Chrono Boost)  
  20  1:25  Cybernetics Core  
  20  1:29  Probe (Chrono Boost)  
  21  1:34  Pylon  
  21  1:39  Probe (Chrono Boost)  
  22  1:50  Probe (Chrono Boost)  
  24  2:02  Stalker x2  
  24  2:03  Warp Gate (Chrono Boost)  
  27  2:10  Mothership Core  
  29  2:16  Pylon  
  29  2:32  Stalker  
  29  2:34  Stalker  
  33  3:04  Sentry  
  35  3:06  Nexus  
  35  3:15  Robotics Facility  
  35  3:21  Probe  
  36  3:30  Pylon  
  36  3:33  Probe (Chrono Boost)  
  37  3:44  Probe (Chrono Boost), Twilight Council  
  38  3:54  Sentry  
  38  3:55  Stalker  
  42  3:57  Probe (Chrono Boost)  
  43  4:12  Immortal (Chrono Boost)  
  47  4:17  Probe  
  47  4:18  Probe  
  49  4:30  Probe  
  50  4:35  Stalker  
  50  4:37  Stalker  
  54  4:41  Pylon  
  54  4:52  Immortal (Chrono Boost)  
  54  5:02  Stalker  
  54  5:06  Stalker  
  54  5:17  Gateway  
  54  5:21  Cybernetics Core  
  54  5:27  Zealot, Pylon  
Show
View Real Time Build Order
Export as new Build Order

TheDounat Protoss 

Build Orders:  

Get SALT Encoding   

  12  0:01  Probe (Chrono Boost)  
  13  0:11  Probe (Chrono Boost)  
  14  0:18  Pylon  
  14  0:22  Probe (Chrono Boost)  
  15  0:36  Probe (Chrono Boost)  
  15  0:38  Gateway  
  16  0:47  Probe (Chrono Boost), Assimilator  
  17  0:53  Assimilator  
  17  0:57  Probe (Chrono Boost)  
  18  1:07  Gateway  
  18  1:09  Probe (Chrono Boost)  
  19  1:19  Probe (Chrono Boost)  
  20  1:25  Cybernetics Core  
  20  1:32  Pylon  
  20  1:41  Probe (Chrono Boost)  
  21  1:51  Probe (Chrono Boost)  
  22  2:02  Probe (Chrono Boost)  
  22  2:04  Stalker x2  
  22  2:06  Warp Gate (Chrono Boost)  
  27  2:15  Pylon  
  27  2:19  Probe  
  28  2:34  Stalker x2  
  32  2:39  Pylon  
  32  2:47  Probe  
  33  2:59  Mothership Core  
  35  3:09  Gateway  
  35  3:15  Pylon  
  35  3:20  Probe  
  35  3:26  Gateway  
  36  3:57  Stalker x2  
  40  4:06  Pylon  
  40  4:07  Stalker  
  42  4:22  Pylon  
  42  4:24  Stalker x3  
  46  4:49  Stalker x3  
  46  4:50  Stalker  
  45  5:16  Adept x3  
  45  5:17  Adept  
  49  5:42  Stalker x2  
Tags
 
Add a new tag
Caveats
  • Supply blocks, unpowered buildings, or Contaminate may cause inaccurate times.
  • Supply counts are checked every 10 seconds.